 Dungeon Crawl Stone Soup version 0.20.1-1-g8b1a95d (webtiles) character file.

39818 geometer the Cruncher (level 13, -3/124 HPs)
             Began as a Minotaur Berserker on Nov 17, 2017.
             Was a High Priest of Trog.
             Slain by a spriggan rider
             ... wielding a +0 spear
              (9 damage)
             ... on level 1 of the Swamp.
             The game lasted 01:38:04 (15447 turns).

geometer the Cruncher (Minotaur Berserker)         Turns: 15447, Time: 01:38:05

Health: -3/124     AC: 23    Str: 23    XL:     13   Next: 71%
Magic:  10/10      EV: 18    Int:  7    God:    Trog [*****.]
Gold:   1167       SH:  0    Dex: 14    Spells: 12/12 levels left

rFire    . . .     SeeInvis .   b - +6 lajatang of Fatigue {venom, *Contam rC+++ Int+3 Stlth+}
rCold    + + +     Gourm    .   (shield currently unavailable)
rNeg     . . .     Faith    .   G - +2 chain mail {rPois}
rPois    +         Spirit   .   (helmet restricted)
rElec    .         Reflect  .   v - +1 cloak
rCorr    .         Harm     .   a - +0 pair of gloves
MR       ++...                  o - +2 pair of boots
Stlth    ..........             (no amulet)
Regen    1.3/turn               L - +4 ring of evasion
MPRegen  0.2/turn               I - ring of poison resistance

@: regenerating
A: retaliatory headbutt, horns 2, low mp 1
a: Berserk, Trog's Hand, Brothers in Arms, Burn Spellbooks, Renounce Religion


You were on level 1 of the Swamp.
You worshipped Trog.
Trog was extremely pleased with you.
You were not hungry.

You visited 4 branches of the dungeon, and saw 16 of its levels.
You also visited: Sewer and Ice Cave.

You collected 1167 gold pieces.

Inventory:

Hand Weapons
 b - the +6 lajatang of Fatigue (weapon) {venom, *Contam rC+++ Int+3 Stlth+}
   (Trog gifted it to you on level 7 of the Dungeon)

   It poisons the flesh of those it strikes.
   It affects your intelligence (+3).
   It renders you almost immune to cold.
   It causes magical contamination when unequipped.
   It makes you more stealthy.
 u - a +2 quarterstaff of chaos
 N - a +2 flail of crushing
Armour
 a - a +0 pair of gloves (worn)
 o - a +2 pair of boots (worn)
 v - a +1 cloak (worn)
 G - a +2 chain mail of poison resistance (worn)
 M - a +0 plate armour
 O - a scarf of cloud immunity
 P - a +0 ring mail of magic resistance
Jewellery
 x - an uncursed ring of resist corrosion
 C - an uncursed ring of magical power
 I - a ring of poison resistance (right hand)
 L - a +4 ring of evasion (left hand)
 V - an uncursed ring of ice
Wands
 j - a wand of iceblast (13/15)
 S - a wand of lightning (6/15)
 X - a wand of polymorph (7/24)
 Z - a wand of scattershot (5/9)
Scrolls
 d - 3 scrolls of immolation {unknown}
 f - 8 scrolls of identify
 s - 6 scrolls of remove curse
 t - 3 scrolls of magic mapping
 y - 2 scrolls of noise {unknown}
 D - 2 scrolls of fear {unknown}
 E - 4 scrolls of teleportation
 H - 4 scrolls of blinking {unknown}
 J - a scroll of fog {unknown}
 K - 4 scrolls of enchant weapon {unknown}
 Q - 2 scrolls of recharging {unknown}
 R - 6 scrolls of random uselessness {unknown}
 T - 4 scrolls of torment {unknown}
 U - a scroll of acquirement {unknown}
Potions
 e - 4 potions of brilliance
 h - 10 potions of heal wounds
 i - 2 potions of invisibility
 k - a potion of mutation {unknown}
 m - 14 potions of curing
 n - 6 potions of flight
 q - a potion of haste {unknown}
 w - a potion of magic {unknown}
 z - a potion of cancellation {unknown}
 A - 2 potions of resistance
 B - a potion of berserk rage {unknown}
 F - a potion of might {unknown}
Comestibles
 c - 5 bread rations
 l - 6 meat rations
 p - 31 fruits
 r - 5 royal jellies


   Skills:
 + Level 14.3 Fighting
 - Level 5.4(11.2) Maces & Flails
 + Level 14.8(15.1) Staves
 + Level 14.8 Armour
 * Level 10.6 Dodging
 - Level 0.1 Stealth


You had 12 spell levels left.
You didn't know any spells.

Dungeon Overview and Level Annotations

Branches:
Dungeon (8/15)             Temple (1/1) D:7            Lair (6/6) D:8
  Swamp (1/4) Lair:2        Snake (0/4) Lair:4
  Slime: Lair:5-6

Altars:
Ashenzari
Elyvilon
Gozag
Trog

Annotations:
Lair:3 exclusion: oklob plant
Lair:5 exclusion: oklob plant
Lair:6 exclusion: oklob plant


Innate Abilities, Weirdness & Mutations

You reflexively headbutt those who attack you in melee.
You have a pair of horns on your head.
Your magical capacity is low. (-10% MP)


Message History

The spriggan rider hits you from afar with a spear!
You miss the spriggan rider.
The spriggan rider hits you but does no damage.
The spriggan rider hits you with a spear!
The spriggan rider hits you from afar with a spear!
* * * LOW HITPOINT WARNING * * *
The spriggan rider hits you but does no damage.
The spriggan rider completely misses you. x2
The spriggan rider hits you from afar with a spear!
* * * LOW HITPOINT WARNING * * *
The spriggan rider hits you but does no damage.
Your skin crawls.
You feel resistant to hostile enchantments.
You feel somewhat more hungry.
The spriggan rider hits you from afar with a spear!
* * * LOW HITPOINT WARNING * * *
The spriggan rider hits you but does no damage. x2
The spriggan rider hits you but does no damage.
The spriggan rider hits you from afar with a spear!
You die...

≈≈≈≈≈≈≈).♣ ≈..≈....≈
.≈..≈≈≈≈. ♣♣♣..≈≈≈..≈
.≈≈≈≈≈≈≈.♣♣♣.≈§≈≈≈≈≈..
..≈.≈≈≈.♣♣..≈≈.≈≈≈≈≈..
♣...≈§..♣≈.≈≈....≈≈..
♣♣......≈.≈≈≈..♣...
≈.≈≈..$iiiy≈≈..≈♣
≈...≈..†♣.≈≈..<♣
...≈♣♣≈♣♣♣.@.♣♣♣ ...
♣♣ ♣♣♣♣♣ ♣♣


You could see 3 spriggan riders and a vampire mosquito.

Vanquished Creatures
  Kirke (Lair:4)
  Fannar (Lair:2)
  4 hydras
  A merfolk avatar (Lair:6)
  A catoblepas (Lair:6)
  2 death yaks (Lair:5)
  A two-headed ogre (D:8)
  2 harpies (Lair:6)
  A lindwurm (Lair:3)
  2 ugly things (IceCv)
  A manticore (Lair:6)
  6 elephants
  3 ice statues (IceCv)
  10 spiny frogs
  A torpor snail (Lair:6)
  10 komodo dragons
  6 rime drakes
  A tyrant leech (Swamp:1)
  3 hornets (Lair:6)
  4 polar bears
  4 blink frogs (Lair:5)
  A hippogriff (Lair:6)
  3 dream sheep (Lair:5)
  3 wyverns
  A spriggan (D:8)
  25 yaks
  2 hogs (Lair:4)
  A hungry ghost (D:7)
  2 vampire mosquitoes (Swamp:1)
  3 basilisks
  A steam dragon (D:8)
  3 nagas (Lair:4)
  2 insubstantial wisps (D:8)
  10 water moccasins
  9 porcupines
  4 orc warriors
  5 sky beasts (D:8)
  8 ice beasts
  6 black bears
  A necrophage (D:6)
  An ogre (D:8)
  A boggart (shapeshifter) (D:6)
  2 centaurs
  4 wolves (Lair:3)
  6 crocodiles
  4 big kobolds
  11 bullfrogs
  5 killer bees
  9 wights
  An electric eel (Lair:2)
  2 jellies (D:7)
  A crimson imp (D:7)
  A bullfrog zombie (D:5)
  3 orc priests
  Crazy Yiuf (D:2)
  4 gnoll shamans (D:8)
  9 hounds
  7 orc wizards
  Jessica (D:3)
  Natasha (thrice) (D:2 D:4)
  4 iguanas
  6 worker ants
  A worker ant zombie (D:5)
  13 gnolls
  16 adders
  6 river rats (Sewer)
  3 oozes
  An adder skeleton (D:5)
  4 worms
  7 leopard geckos
  40 orcs
  8 bats
  4 giant cockroaches
  10 goblins
  12 hobgoblins
  11 jackals
  27 kobolds
  4 quokkas
  10 ball pythons
  6 frilled lizards
  A giant cockroach zombie (D:6)
  A jackal skeleton (D:7)
  A jackal zombie (D:7)
  A leopard gecko skeleton (D:4)
  24 rats
452 creatures vanquished.

Vanquished Creatures (collateral kills)
  2 hydras (Lair:6)
  A death yak (Lair:5)
  A manticore (Lair:6)
  2 elephants (Lair:6)
  2 rime drakes (Lair:6)
  A hornet (Lair:6)
  2 dream sheep (Lair:5)
  A water moccasin (Lair:6)
12 creatures vanquished.

Vanquished Creatures (others)
  3 humans
  11 fungi
  9 plants
23 creatures vanquished.

Grand Total: 487 creatures vanquished

Notes
Turn   | Place    | Note
-------+----------+-------------------------------------------
     0 | D:1      | geometer the Minotaur Berserker began the quest for the Orb.
     0 | D:1      | Reached XP level 1. HP: 19/19 MP: 0/0
   244 | D:1      | Reached XP level 2. HP: 27/27 MP: 1/1
   414 | D:1      | You fall through a shaft!
   590 | D:2      | Reached XP level 3. HP: 33/33 MP: 2/2
   682 | D:2      | Noticed Natasha
   687 | D:2      | Killed Natasha
   755 | D:2      | Reached XP level 4. HP: 36/41 MP: 3/3
   948 | D:2      | Reached skill level 5 in Maces & Flails
   951 | D:2      | Reached ** piety under Trog
  1297 | D:2      | Reached XP level 5. HP: 47/47 MP: 4/4
  1331 | D:2      | Found a runed door.
  1445 | D:2      | Noticed Crazy Yiuf
  1450 | D:2      | Killed Crazy Yiuf
  1450 | D:2      | Reached skill level 5 in Fighting
  1723 | D:3      | Reached *** piety under Trog
  1759 | D:3      | Noticed Jessica
  1762 | D:3      | Killed Jessica
  1990 | D:3      | Reached XP level 6. HP: 54/56 MP: 5/5
  2552 | D:4      | Reached skill level 5 in Armour
  2779 | D:4      | Noticed Natasha
  2785 | D:4      | Killed Natasha
  2936 | D:4      | Noticed Natasha
  2940 | D:4      | Killed Natasha
  3253 | D:5      | Entered Level 5 of the Dungeon
  3422 | D:5      | Reached XP level 7. HP: 63/63 MP: 6/6
  3632 | D:5      | Reached **** piety under Trog
  4191 | D:6      | Found a bloodstained altar of Trog.
  4291 | D:6      | Reached XP level 8. HP: 60/73 MP: 7/7
  4489 | D:6      | Found a glowing drain.
  4493 | Sewer    | Entered a sewer
  4554 | Sewer    | Reached ***** piety under Trog
  5595 | D:6      | Reached XP level 9. HP: 70/85 MP: 8/8
  5663 | D:7      | Reached skill level 10 in Armour
  5903 | D:7      | Reached skill level 10 in Fighting
  5965 | D:7      | Found a staircase to the Ecumenical Temple.
  5991 | Temple   | Entered the Ecumenical Temple
  6482 | D:7      | Reached skill level 1 in Staves
  6485 | D:7      | Received a gift from Trog
  6494 | D:7      | Got a fine lajatang {god gift}
  6495 | D:7      | Identified the +6 lajatang of Fatigue {venom, *Contam rC+++ Int+3 Stlth+} (Trog gifted it to you on level 7 of the Dungeon)
  6763 | D:8      | Noticed a two-headed ogre
  6786 | D:8      | Killed a two-headed ogre
  6989 | D:8      | Reached XP level 10. HP: 95/95 MP: 9/9
  7060 | D:8      | Reached skill level 5 in Staves
  7084 | D:7      | Gained mutation: Your magical capacity is low. (-10% MP) [mutagenic glow]
  7248 | D:8      | Reached skill level 5 in Dodging
  7258 | D:8      | Found a staircase to the Lair.
  8017 | Lair:1   | Entered Level 1 of the Lair of Beasts
  8176 | Lair:1   | Noticed a spiny frog
  8185 | Lair:1   | Killed a spiny frog
  9119 | Lair:2   | Found a frozen archway.
  9123 | Lair:2   | Reached XP level 11. HP: 75/102 MP: 8/8
  9142 | IceCv    | Entered an ice cave
  9284 | IceCv    | Noticed a white ugly thing
  9292 | IceCv    | Killed a white ugly thing
  9488 | IceCv    | Reached skill level 10 in Staves
  9489 | IceCv    | Noticed a white ugly thing
  9510 | IceCv    | Killed a white ugly thing
 10456 | Lair:2   | Found a staircase to the Swamp.
 10630 | Lair:2   | Noticed Fannar
 10641 | Lair:2   | Killed Fannar
 11089 | Lair:3   | Reached XP level 12. HP: 112/113 MP: 9/9
 11184 | Lair:3   | Received a gift from Trog
 11190 | Lair:3   | Got a twisted longbow {god gift}
 11624 | Lair:3   | You fall through a shaft for 2 floors!
 11624 | Lair:5   | Noticed a death yak
 11624 | Lair:5   | Noticed a death yak
 11624 | Lair:5   | Noticed a death yak
 11631 | Lair:5   | Killed a death yak
 11632 | Lair:5   | Killed a death yak
 11635 | Lair:5   | Killed a death yak
 11753 | Lair:4   | Found a staircase to the Snake Pit.
 12250 | Lair:4   | Noticed an eight-headed hydra
 12265 | Lair:4   | Killed an eight-headed hydra
 12342 | Lair:4   | Noticed Kirke
 12368 | Lair:4   | Killed Kirke
 13025 | Lair:5   | Noticed a seven-headed hydra
 13044 | Lair:5   | Killed a 13-headed hydra
 13193 | Lair:5   | Noticed a four-headed hydra
 13325 | Lair:5   | Got a smoking long sword
 13610 | Lair:5   | Killed an eight-headed hydra
 13610 | Lair:5   | Reached XP level 13. HP: 107/122 MP: 10/10
 13915 | Lair:6   | Entered Level 6 of the Lair of Beasts
 14133 | Lair:6   | Reached skill level 10 in Dodging
 15417 | Swamp:1  | Entered Level 1 of the Swamp
 15445 | Swamp:1  | HP: 3/124 [spriggan rider/spear (12)]
 15447 | Swamp:1  | Slain by a spriggan rider

Skill      XL: |  1  2  3  4  5  6  7  8  9 10 11 12 13 |
---------------+----------------------------------------+-----
Maces & Flails | 4 5 |  5.4
Fighting       | 4 5 6 7 9 11 12 13 14 | 14.3
Armour         | 3 4 6 7 9 11 12 13 14 | 14.8
Dodging        | 3 4 6 7 9 10 | 10.6
Staves         | 4 9 12 14 | 14.8
Stealth        | |  0.1

Action                   |  1- 3 |  4- 6 |  7- 9 | 10-12 | 13-15 || total
-------------------------+-------+-------+-------+-------+-------++-------
Melee: Mace              |    44 |    58 |       |       |       ||   102
       Headbutt          |     4 |    30 |    62 |   121 |    36 ||   253
       Quarterstaff      |       |   120 |   328 |     8 |       ||   456
       Lajatang          |       |       |    23 |   486 |   166 ||   675
       Flail             |       |       |     3 |       |       ||     3
       Whip              |       |       |       |     2 |       ||     2
Throw: Javelin           |       |       |       |     1 |       ||     1
Invok: Berserk           |     1 |     1 |     3 |     4 |     2 ||    11
       Trog's Hand       |       |       |       |     1 |     3 ||     4
       Brothers in Arms  |       |       |       |     1 |     3 ||     4
       Burn Spellbooks   |       |       |       |       |     1 ||     1
  Use: Scroll            |       |       |     5 |     6 |       ||    11
       Potion            |       |       |       |       |     1 ||     1
 Stab: Paralysed         |       |       |     2 |       |       ||     2
       Confused          |       |       |       |     1 |       ||     1
  Eat: Chunk             |     1 |     7 |     8 |     9 |     8 ||    33
       Bread ration      |       |     1 |     1 |     3 |     1 ||     6
       Meat ration       |       |       |       |     1 |       ||     1
Armor: Plate armour      |    40 |   102 |   192 |   255 |    82 ||   671
       Chain mail        |       |       |       |       |    33 ||    33
Dodge: Dodged            |    15 |    62 |   233 |   349 |   171 ||   830
